 Dungeon Crawl Stone Soup version 0.28-a0-1510-gd0f6b136d3 (webtiles) character file.

Game seed: 5518014168150744330

6 psuckher the Caller (level 1, -3/13 HPs)
             Began as a Vampire Summoner on Jan 14, 2022.
             Frozen to death by an endoplasm (4 damage)
             ... on level 1 of the Dungeon.
             The game lasted 00:01:29 (285 turns).

psuckher the Caller (Vampire Summoner)               Turns: 285, Time: 00:01:29

Health: -3/13      AC:  2    Str:  7    XL:     1   Next: 75%
Magic:  3/3        EV: 12    Int: 17    God:
Gold:   0          SH:  0    Dex: 14    Spells: 3/4 levels left

rFire   . . .      SeeInvis +   (no weapon)
rCold   . . .      Faith    .   (no shield)
rNeg    . . .      Spirit   .   a - +0 robe
rPois   .          Reflect  .   (no helmet)
rElec   .          Harm     .   (no cloak)
rCorr   .          Rampage  .   (no gloves)
Will    .....                   (no boots)
Stlth   ++........              (no amulet)
HPRegen 0.24/turn               (no ring)
MPRegen 0.08/turn               (no ring)

@: healing quickly
A: alive, fangs 3, see invisible, vampiric 1
a: Exsanguinate


You were on level 1 of the Dungeon.
You visited 1 branch of the dungeon, and saw 1 of its levels.

Inventory:

Armour
 a - a +0 robe (worn)
Potions
 c - a potion of cancellation {unknown}


   Skills:
 + Level 0.1 Fighting
 + Level 2.3 Dodging
 + Level 3.0 Stealth
 + Level 2.0 Spellcasting
 + Level 4.2 Summonings


You had 3 spell levels left.
You knew the following spells:

 Your Spells              Type           Power      Damage    Failure   Level
a - Summon Small Mammal   Summ           60%        N/A       3%          1

Your spell library contained the following spells:

 Spells                   Type           Power      Damage    Failure   Level
 Call Imp                 Summ           15%        N/A       5%          2
 Call Canine Familiar     Summ           15%        N/A       11%         3
 Summon Guardian Golem    Hex/Summ       8%         N/A       24%         3
 Summon Lightning Spire   Summ/Air       8%         N/A       63%         4


Dungeon Overview and Level Annotations

Branches:
Dungeon (1/15)

Altars:


Innate Abilities, Weirdness & Mutations

Your natural rate of healing is accelerated.
You have razor-sharp teeth.
You have supernaturally acute eyesight. (SInv)
You are afflicted with vampirism.


Message History

The ball python hisses angrily.
The ball python bites you. The ball python grabs you.
The ball python constricts you.
You escape the ball python's grasp.
The ball python misses you. The ball python grabs you.
The ball python constricts you.
You escape the ball python's grasp.
There is a stone staircase leading down here.
The ball python bites you. The ball python grabs you.
The ball python constricts you.
You escape the ball python's grasp.
You closely miss the ball python. The ball python bites you.
The ball python grabs you. The ball python constricts you.
You hit the ball python.
The ball python is moderately wounded.
The ball python bites you. The ball python constricts you.
You hit the ball python.
You kill the ball python!
There is a stone staircase leading down here.
An endoplasm comes into view.
A goblin comes into view. It is wielding a +0 dagger.
The goblin shouts!
Found a book of Touch.
The goblin hits you with a +0 dagger.
The endoplasm quivers.
You hit the goblin but do no damage. The goblin hits you with a +0 dagger.
You closely miss the goblin. You bite the goblin.
You kill the goblin!
Found 21 stones.
The endoplasm freezes you.
You are frozen.
Things that are here:
a +0 dagger; a goblin corpse The endoplasm freezes you.
You are frozen.
* * * LOW HITPOINT WARNING * * *
You hit the endoplasm but do no damage. The endoplasm barely misses you.
You hit the endoplasm but do no damage. The endoplasm freezes you.
You are frozen.
You die...

#... #+##.#.##.##.#
....
#(.......#.......# ...
#........####.##.# ...
#.:......####.########
#....................#
#.......######.#####.#
#.......# #..#
#......J######..#
#......@)......>#
#.......#########
#########


You could see an endoplasm.

Vanquished Creatures
  An endoplasm (D:1)
  A goblin (D:1)
  A hobgoblin (D:1)
  A kobold (D:1)
  A ball python (D:1)
5 creatures vanquished.

Notes
Turn   | Place    | Note
-------+----------+-------------------------------------------
     0 | D:1      | psuckher the Vampire Summoner began the quest for the Orb.
     0 | D:1      | Reached XP level 1. HP: 13/13 MP: 3/3
   285 | D:1      | Frozen to death by an endoplasm

Illustrated notes

Levels and vault maps discovered:
D:1:      lightli_arrival_maybe_door_vault, layout_basic, serial_shops,
          nicolae_shop_competitors_out_of_business

Action                   || total
-------------------------++-------
Melee: Unarmed           ||    19
       Bite              ||     4
       Punch             ||     1
  Use: Potion            ||     1
Armor: Robe              ||     1
Dodge: Dodged            ||     9

Table legend: (Time is in decaauts)
 A = Elapsed time spent in this place.
 B = Non-inter-level travel time spent in this place.
 C = Inter-level travel time spent in this place.
 D = Time resting spent in this place.
 E = Time spent auto-exploring this place.
 F = Levels seen in this place.
 G = Mean time per level.
                   A        B        C        D        E       F      G
               +--------+--------+--------+--------+--------+-----+--------+
         Total |    285 |    285 |      0 |      0 |      0 |   1 |  285.0 |
       Dungeon |    285 |    285 |      0 |      0 |      0 |   1 |  285.0 |
               +--------+--------+--------+--------+--------+-----+--------+

Top non-repeatable levels by time:
     D:1: 285 daAuts
